Map: Dusk Towers

Players

RonBurgundy

  • Race: Zerg Zerg
  • League: Master

FLORENCIO - Winner!

  • Race: Protoss Protoss
  • League: Diamond

VOD

Have the link to the VOD?

Description

Time

  • Played on: Jan. 22, 2016, 10:53 p.m.
  • Length: 8:20
Show
View Real Time Build Order
Export as new Build Order

RonBurgundy Zerg 

Build Orders: 3 Hatch before Pool 

Get SALT Encoding   

  12  0:01  Drone  
  13  0:12  Overlord  
  13  0:17  Drone  
  14  0:30  Drone x2  
  14  0:34  Drone  
  17  0:54  Hatchery  
  17  0:55  Drone  
  17  1:01  Drone  
  18  1:22  Hatchery, Drone  
  18  1:26  Drone  
  18  1:32  Extractor, Drone  
  19  1:50  Spawning Pool  
  19  1:52  Drone  
  19  1:53  Drone  
  20  2:04  Drone  
  21  2:11  Drone x2  
  23  2:18  Drone  
  24  2:23  Overlord  
  23  2:36  Queen  
  25  2:37  Queen  
  25  2:38  Metabolic Boost  
  27  2:46  Queen  
  27  2:49  Drone  
  31  2:51  Drone  
  31  2:54  Drone  
  31  2:56  Drone  
  33  3:00  Drone  
  34  3:10  Overlord  
  34  3:12  Drone  
  35  3:15  Drone  
  35  3:17  Drone  
  35  3:18  Drone  
  38  3:21  Queen, Drone  
  38  3:23  Drone  
  42  3:27  Overlord  
  42  3:28  Drone  
  42  3:30  Drone  
  44  3:35  Overlord  
  44  3:36  Drone  
  44  3:39  Drone x2  
  47  3:45  Zergling x6  
  47  3:47  Overlord  
  50  3:54  Overlord  
  50  3:55  Drone x3  
  53  4:01  Roach Warren  
  52  4:06  Overlord  
  52  4:07  Drone  
  52  4:08  Drone  
  54  4:12  Lair  
  54  4:13  Extractor  
  54  4:14  Extractor  
  52  4:22  Drone x3  
  52  4:23  Drone x2  
  57  4:24  Drone  
  57  4:27  Overlord  
  58  4:35  Drone  
  58  4:36  Spore Crawler  
  57  4:39  Drone  
  57  4:40  Spore Crawler  
  57  4:42  Drone x7  
  64  4:45  Spore Crawler  
  62  5:03  Overlord x3  
  62  5:09  Zergling x2  
  62  5:10  Zergling x2  
  62  5:13  Glial Reconstitution  
  64  5:15  Roach  
  64  5:16  Roach x7  
  80  5:23  Overlord  
  80  5:25  Roach x4  
  88  5:37  Drone  
  88  5:38  Evolution Chamber  
  88  5:39  Roach x2  
  88  5:40  Roach x4  
  100  5:50  Overseer  
  100  5:53  Overlord x2  
  100  5:58  Roach x4  
  100  6:04  Spore Crawler x2  
  95  6:13  Queen  
  95  6:15  Spore Crawler, Queen  
  95  6:16  Queen  
  95  6:17  Spore Crawler  
  88  6:25  Drone  
  84  6:27  Spore Crawler  
  84  6:28  Drone  
  76  6:40  Drone x3  
  52  7:07  Drone  
  52  7:08  Drone x7  
  54  7:11  Drone x3  
  51  7:24  Queen  
  51  7:25  Queen  
  55  7:31  Drone x3  
  55  7:34  Drone x2  
  60  7:41  Queen  
  50  8:00  Spore Crawler  
  50  8:02  Hydralisk Den  
Show
View Real Time Build Order
Export as new Build Order

FLORENCIO Protoss - Winner!

Build Orders: Oracle Opening 

Get SALT Encoding   

  12  0:01  Probe (Chrono Boost)  
  13  0:11  Probe (Chrono Boost)  
  14  0:22  Probe (Chrono Boost)  
  14  0:26  Pylon  
  15  0:45  Probe (Chrono Boost)  
  15  0:46  Gateway  
  16  0:55  Probe (Chrono Boost)  
  16  0:56  Assimilator  
  17  1:00  Assimilator  
  17  1:06  Probe (Chrono Boost)  
  18  1:16  Probe (Chrono Boost)  
  19  1:32  Probe (Chrono Boost)  
  20  1:42  Probe (Chrono Boost)  
  21  1:49  Cybernetics Core  
  21  1:51  Nexus  
  22  1:54  Probe (Chrono Boost)  
  22  2:03  Pylon  
  22  2:06  Probe (Chrono Boost)  
  23  2:22  Probe (Chrono Boost)  
  24  2:27  Pylon  
  24  2:32  Probe (Chrono Boost)  
  24  2:36  Stalker  
  27  2:43  Probe (Chrono Boost)  
  28  2:46  Assimilator  
  28  2:55  Probe (Chrono Boost)  
  30  3:05  Probe (Chrono Boost)  
  30  3:08  Assimilator  
  30  3:09  Stargate  
  30  3:16  Probe (Chrono Boost)  
  31  3:20  Probe (Chrono Boost)  
  31  3:22  Stargate  
  31  3:27  Probe (Chrono Boost)  
  33  3:31  Stargate  
  34  3:34  Probe (Chrono Boost)  
  34  3:49  Probe x2 (Chrono Boost)  
  34  3:55  Oracle (Chrono Boost)  
  39  4:00  Mothership Core (Chrono Boost)  
  41  4:06  Oracle (Chrono Boost)  
  44  4:16  Probe  
  44  4:18  Probe  
  46  4:27  Oracle (Chrono Boost)  
  46  4:28  Probe  
  46  4:30  Probe  
  51  4:40  Probe  
  51  4:43  Probe  
  53  4:46  Forge  
  53  4:49  Pylon  
  53  4:56  Pylon  
  53  5:08  Oracle x2 (Chrono Boost)  
  53  5:12  Oracle (Chrono Boost)  
  62  5:17  Pylon  
  62  5:21  Pylon  
  62  5:30  Photon Cannon  
  62  5:39  Void Ray x2 (Chrono Boost)  
  74  5:52  Void Ray (Chrono Boost)  
  74  6:16  Void Ray (Chrono Boost)  
  75  6:37  Void Ray (Chrono Boost)  
  83  6:42  Void Ray (Chrono Boost)  
  83  6:52  Photon Cannon  
  83  6:56  Photon Cannon  
  83  7:20  Pylon  
  83  7:32  Photon Cannon  
  83  7:35  Photon Cannon  
Tags
 
Add a new tag
Caveats
  • Supply blocks, unpowered buildings, or Contaminate may cause inaccurate times.
  • Supply counts are checked every 10 seconds.